 Dungeon Crawl Stone Soup version 0.17-a0-1020-ge683cc4 (webtiles) character file.

156508 BluebellGnoll the Wrestler (level 17, -6/184 HPs)
             Began as a Troll Berserker on May 13, 2015.
             Was the Champion of Trog.
             Killed from afar by Vashnia (10 damage)
             ... with a splash of poison
             ... on level 3 of the Snake Pit on May 14, 2015.
             The game lasted 02:25:32 (31442 turns).

BluebellGnoll the Wrestler (Troll Berserker)       Turns: 31442, Time: 02:25:33

Health: -6/184     AC: 12    Str: 33    XL:     17   Next: 10%
Magic:  16/16      EV: 18    Int:  4    God:    Trog [******]
Gold:   3307       SH:  0    Dex:  9    Spells: 0 memorised, 16 levels left

rFire  + . .     SeeInvis .       - Unarmed
rCold  + . .     Clarity  .     K - +2 robe {rC+ rF+}
rNeg   . . .     SustAb   .     (no shield)
rPois  .         Gourm    +     F - +2 hat
rElec  .         Spirit   .     w - +2 cloak {+Inv}
rCorr  .         Warding  .     (gloves unavailable)
rMut   .         Stasis   .     (boots unavailable)
MR     +++..                    (no amulet)
Stlth  +.........               D - +5 ring of evasion
                                A - +3 ring of evasion

@: lethally poisoned (-6 -> -7), regenerating, extremely resistant to hostile
enchantments, very unstealthy
A: unfitting armour, claws 3, fast metabolism 3, gourmand, regeneration 2,
shaggy fur 1, tough skin 2
a: Burn Spellbooks, Berserk, Trog's Hand, Brothers in Arms, Renounce Religion,
Evoke Invisibility


You were on level 3 of the Snake Pit.
You worshipped Trog.
Trog was exalted by your worship.
You were not hungry.

You visited 4 branches of the dungeon, and saw 30 of its levels.
You also visited: Ossuary, Bailey and Ice Cave.

You collected 3931 gold pieces.
You spent 624 gold pieces at shops.

Inventory:

Hand weapons
 b - a +1 blowgun
 v - the +1 morningstar of Victory {holy, rPois Int+2}
   (You found it on level 2 of the Snake Pit)

   It has been blessed by the Shining One to cause great damage to the undead
   and demons.
   It affects your intelligence (+2).
   It protects you from poison.
Missiles
 u - 8 curare-tipped needles
 x - 62 poisoned needles
 z - 20 tomahawks (quivered)
 G - 14 large rocks
 M - 3 throwing nets
 V - 14 javelins of penetration
Armour
 w - a +2 cloak of invisibility (worn)
 F - a +2 hat (worn)
 K - a +2 robe of resistance (worn)
Jewellery
 a - an uncursed ring of fire
 t - an uncursed ring of flight
 A - a +3 ring of evasion (left claw)
 D - a +5 ring of evasion (right claw)
 L - a +5 ring of intelligence {unknown}
 N - an uncursed ring of protection from magic
Magical devices
 d - a wand of cold (11)
 o - a wand of draining (1)
 C - a wand of polymorph (15)
 Q - a wand of confusion (26)
 W - a wand of teleportation (5)
Scrolls
 f - 4 scrolls of immolation
 h - 8 scrolls of fear
 i - 10 scrolls of remove curse
 l - 2 scrolls of recharging
 p - 2 scrolls of summoning
 s - 3 scrolls of blinking
 y - 12 scrolls of teleportation
 H - a scroll of holy word
 I - 2 scrolls of fog
 R - a scroll of identify
Potions
 c - a potion of cure mutation {unknown}
 e - 3 potions of resistance
 j - 3 potions of might
 m - 2 potions of ambrosia
 n - 8 potions of haste
 q - 2 potions of invisibility
 r - 2 potions of heal wounds
 B - 2 potions of cancellation
 E - 14 potions of curing
 J - a potion of agility
Miscellaneous
 S - a sack of spiders
Comestibles
 g - 13 fruits
 k - 17 meat rations
 O - 12 beef jerkies


   Skills:
 + Level 15.0 Fighting
 - Level 11.3 Throwing
 - Level 0.4 Armour
 - Level 2.4 Dodging
 - Level 21.0 Unarmed Combat


You had 16 spell levels left.
You didn't know any spells.

Dungeon Overview and Level Annotations

Branches:
Dungeon (15/15)            Temple (0/1) D:6            Lair (8/8) D:10
 Shoals (0/4) Lair:3        Snake (3/4) Lair:3        Slime (0/6) Lair:8
    Orc (4/4) D:10            Elf (0/3) Orc:3        Vaults (0/5) D:14
 Depths (0/5) D:15

Altars:
Ashenzari
Fedhas
Kikubaaqudgha
Vehumet
Xom
Beogh
Jiyva

Shops:
D:4 ?   D:7 (   Orc:4 *[:

Annotations:
Snake:3 Vashnia


Innate Abilities, Weirdness & Mutations

You are too large for most types of armour.
You have claws for hands.
Your metabolism is lightning-fast.
You like to eat raw meat.
You heal very quickly.
You are covered in fur (AC +1).
You have very tough skin (AC +2).


Message History

The bolt hits you!
* * * LOW HITPOINT WARNING * * *
Use which ability? (? or * to list) You're too hungry to go berserk.
You are too injured to fight recklessly!
Eat which item? (? for menu, Esc to quit)
The naga sharpshooter gestures wildly while chanting.
The naga sharpshooter magically shoots a bolt.
The bolt hits you!
* * * LOW HITPOINT WARNING * * *
You continue eating.
Vashnia shoots a bolt.
The bolt hits you!!
* * * LOW HITPOINT WARNING * * *
The bolt freezes you.
* * * LOW HITPOINT WARNING * * *
You continue eating.
Vashnia spits poison at you. The splash of poison hits you!
You are poisoned.
You die...

#.§.#.......#
#...#(#.#####.#
.....#.#(#.#<# #.#
######.#(#.#.###.#
#.#(#.#...#.#
..#N#.###.#.#
###(#.....#.#
#N#######.#
#@...†....#
###########


You could see Vashnia (bleeding) and a naga sharpshooter.

Vanquished Creatures
  Asterion (Snake:1)
  Frances (D:12)
  Maud (Lair:6)
  2 orc warlords
  2 fire giants
  The ghost of Goodini51 the Cleaver, a powerful MiBe of Trog (D:14)
  Snorg (D:10)
  An ettin (D:14)
  The ghost of Goodini51 the Grappler, a powerful TrMo of Ru (Lair:2)
  Fannar (Lair:1)
  An ice dragon (Lair:6)
  Harold (D:12)
  A rakshasa (D:12)
  14 hydras
  The ghost of aves the Carver, a powerful VSSk of Ru (D:11)
  6 centaur warriors
  An entropy weaver (shapeshifter) (D:14)
  5 catoblepae
  6 anacondas
  4 orc high priests (Orc:4)
  The ghost of Kisielow the Nimble, an experienced MfTm of Okawaru (Orc:2)
  2 shock serpents
  19 death yaks
  Nergalle (Orc:1)
  A soul eater (Snake:2)
  5 naga sharpshooters
  A shadow wraith (D:14)
  4 unseen horrors
  The ghost of Monkaria the Carver, an experienced DsCK of Xom (D:7)
  3 slime creatures (D:12)
  3 ice devils (IceCv)
  2 naga ritualists
  2 ice statues (IceCv)
  A necromancer (IceCv)
  4 hill giants
  A deep elf summoner (Orc:4)
  A lindwurm (D:14)
  A harpy (Lair:8)
  8 ugly things
  7 orc knights
  2 cyclopes (D:14)
  3 mana vipers
  A salamander (Snake:3)
  A hornet (D:12)
  2 manticores
  11 griffons
  6 orc sorcerers
  3 sirens (Lair:3)
  Maurice (Orc:2)
  14 elephants
  3 naga magi
  11 spiny frogs
  2 gargoyles
  2 efreet
  16 black mambas
  9 komodo dragons
  A merfolk (Lair:3)
  A wandering mushroom (Lair:7)
  8 blue devils (IceCv)
  9 fire drakes
  2 freezing wraiths (IceCv)
  A polar bear (Lair:6)
  Prince Ribbit (D:8)
  10 trolls
  31 blink frogs
  A hornet zombie (D:14)
  A boulder beetle (Lair:7)
  5 deep elf magi
  A shadow (D:12)
  2 basilisks (D:10)
  6 spriggans (Lair:5)
  6 wyverns
  A steam dragon (D:10)
  72 yaks
  A hungry ghost (D:10)
  4 wraiths
  Eustachio (D:5)
  5 wargs
  Grum (D:8)
  22 hippogriffs
  4 wolves (D:8)
  4 vampire mosquitoes (D:12)
  10 nagas
  A mottled dragon (D:13)
  A hell hound (Lair:8)
  14 water moccasins
  3 sky beasts
  2 eyes of draining
  6 ice beasts
  5 porcupines
  2 phantoms
  17 ogres
  A black bear (shapeshifter) (D:15)
  46 orc warriors
  A black bear (D:12)
  24 centaurs
  The ghost of kuzmorgo the Gusty, an average DrAE (D:4)
  23 crocodiles
  A big kobold (D:10)
  21 giant frogs
  A wyvern zombie (D:9)
  4 scorpions
  5 wights (D:10)
  18 killer bees
  3 quasits
  6 centaur zombies
  27 orc priests
  2 giant frog zombies
  10 hounds
  2 human zombies (Ossuary)
  4 jellies
  2 centaur skeletons
  9 crimson imps
  Crazy Yiuf (D:2)
  A draconian simulacrum (IceCv)
  3 giant frog skeletons
  10 iguanas
  24 orc wizards
  2 spriggan simulacra (IceCv)
  19 sheep
  2 troll simulacra (IceCv)
  10 worker ants
  A big kobold zombie (Ossuary)
  2 centaur simulacra (IceCv)
  A hound zombie (D:8)
  2 hound skeletons
  4 mummies (Ossuary)
  12 adders
  6 gnolls
  2 ogre simulacra (IceCv)
  43 river rats
  2 naga simulacra (IceCv)
  2 shadow imps
  An ufetubus (IceCv)
  3 oozes (D:4)
  3 worms
  2 giant geckos (D:4)
  176 orcs
  A ball python (D:3)
  9 bats
  A bat skeleton (D:8)
  7 giant cockroaches
  A gnoll zombie (Ossuary)
  29 hobgoblins
  7 jackals
  6 quokkas
  3 giant gecko skeletons
  2 giant newts
  28 goblins
  A goblin zombie (Ossuary)
  2 hobgoblin zombies (Ossuary)
  A jackal skeleton (D:7)
  29 kobolds
  An orc zombie (Ossuary)
  A quokka skeleton (D:4)
  11 rats
  3 fungi
  A plant (Lair:6)
1158 creatures vanquished.

Vanquished Creatures (others)
  2 ogres (D:11)
  A big kobold (D:11)
  A giant frog (D:11)
  A worker ant (D:11)
  A quokka (D:11)
  4 fungi
  5 plants
15 creatures vanquished.

Grand Total: 1173 creatures vanquished

Notes
Turn   | Place    | Note
--------------------------------------------------------------
     0 | D:1      | BluebellGnoll the Troll Berserker began the quest for the Orb.
     0 | D:1      | Reached XP level 1. HP: 22/22 MP: 0/0
   446 | D:1      | Reached XP level 2. HP: 29/29 MP: 1/1
   776 | D:2      | Reached skill level 4 in Unarmed Combat
   820 | D:2      | Noticed Crazy Yiuf
   825 | D:2      | Killed Crazy Yiuf
   825 | D:2      | Reached XP level 3. HP: 23/36 MP: 2/2
  1054 | D:2      | Acquired Trog's second power
  1255 | D:2      | Reached XP level 4. HP: 42/44 MP: 3/3
  1388 | D:3      | Reached skill level 5 in Unarmed Combat
  1771 | D:3      | Reached XP level 5. HP: 50/50 MP: 4/4
  1928 | D:3      | Reached skill level 6 in Unarmed Combat
  1958 | D:3      | Noticed an ogre
  1962 | D:3      | Killed an ogre
  2132 | D:3      | Reached XP level 6. HP: 59/59 MP: 5/5
  2250 | D:4      | Noticed kuzmorgo's ghost (average DrAE)
  2257 | D:4      | Killed kuzmorgo's ghost
  2257 | D:4      | Reached skill level 7 in Unarmed Combat
  2324 | D:4      | Found Iheylum's Magic Scroll Boutique.
  2459 | D:4      | Bought a scroll of identify for 24 gold pieces
  2459 | D:4      | Bought a scroll of teleportation for 36 gold pieces
  2459 | D:4      | Bought a scroll of blinking for 90 gold pieces
  2520 | D:4      | Reached skill level 8 in Unarmed Combat
  2520 | D:4      | Reached XP level 7. HP: 51/66 MP: 6/6
  2723 | D:4      | Found a runed door.
  2906 | D:4      | Acquired Trog's third power
  2948 | D:5      | Entered Level 5 of the Dungeon
  3006 | D:5      | Reached skill level 9 in Unarmed Combat
  3043 | D:5      | Found a shattered altar of Ashenzari.
  3142 | D:5      | Noticed Eustachio
  3159 | D:5      | Killed Eustachio
  3159 | D:5      | Reached XP level 8. HP: 69/74 MP: 7/7
  3582 | D:6      | Reached skill level 10 in Unarmed Combat
  3742 | D:6      | Reached skill level 1 in Throwing
  4048 | D:6      | Found a staircase to the Ecumenical Temple.
  4582 | D:7      | Found Kiofusup's Weapon Shoppe.
  4629 | D:7      | Reached XP level 9. HP: 25/85 MP: 8/8
  4636 | D:7      | Reached skill level 5 in Fighting
  4797 | D:7      | Bought 5 large rocks for 49 gold pieces
  4797 | D:7      | Bought 17 stones for 23 gold pieces
  5051 | D:7      | Noticed Monkaria's ghost (experienced DsCK)
  5063 | D:7      | Killed Monkaria's ghost
  5156 | D:7      | Received a gift from Trog
  5599 | D:7      | You fall through a shaft!
  5650 | D:8      | Found a sand-covered staircase.
  5654 | Ossuary  | Entered an ossuary
  5842 | D:8      | Noticed Prince Ribbit
  5847 | D:8      | Killed Prince Ribbit
  5974 | D:7      | Reached XP level 10. HP: 93/106 MP: 9/9
  6293 | D:8      | Noticed Grum
  6304 | D:8      | Killed Grum
  6419 | D:8      | Reached skill level 10 in Fighting
  7018 | D:9      | Found a shimmering altar of Xom.
  7495 | D:10     | Entered Level 10 of the Dungeon
  7522 | D:10     | Reached skill level 11 in Unarmed Combat
  7811 | D:10     | You fall through a shaft for 3 floors!
  7862 | D:13     | Reached XP level 11. HP: 116/118 MP: 10/10
  7866 | D:13     | Received a gift from Trog
  7913 | D:12     | Killed an unseen horror
  7919 | D:12     | Reached skill level 12 in Unarmed Combat
  8045 | D:11     | Noticed a hill giant
  8054 | D:11     | Noticed a hill giant
  8143 | D:10     | Found a staircase to the Orcish Mines.
  8261 | D:10     | Reached skill level 13 in Unarmed Combat
  8415 | D:10     | Found a staircase to the Lair.
  8416 | D:10     | Noticed Snorg
  8432 | D:10     | Killed Snorg
  8922 | D:10     | Reached skill level 14 in Unarmed Combat
  9079 | Lair:1   | Entered Level 1 of the Lair of Beasts
  9319 | Lair:1   | Found an ancient bone altar of Kikubaaqudgha.
  9695 | Lair:1   | Noticed Fannar
  9704 | Lair:1   | Killed Fannar
  9704 | Lair:1   | Received a gift from Trog
 10149 | D:11     | Killed a hill giant
 10149 | D:11     | Reached XP level 12. HP: 81/126 MP: 11/11
 10292 | D:11     | Noticed a six-headed hydra
 10296 | D:11     | Killed a six-headed hydra
 10296 | D:11     | Reached skill level 15 in Unarmed Combat
 10319 | D:11     | Killed a hill giant
 10440 | D:11     | Noticed aves's ghost (powerful VSSk)
 10449 | D:11     | Killed aves's ghost
 10843 | D:11     | Found a shimmering altar of Xom.
 11045 | D:12     | Found a runed door.
 11047 | D:12     | Noticed Harold
 11053 | D:12     | Killed Harold
 11066 | D:12     | Noticed a seven-headed hydra
 11066 | D:12     | Noticed a fire giant
 11066 | D:12     | Noticed a catoblepas
 11066 | D:12     | Noticed a rakshasa
 11086 | D:12     | Killed a 19-headed hydra
 11198 | D:12     | Reached skill level 16 in Unarmed Combat
 11355 | D:12     | Killed a rakshasa
 11393 | D:12     | Killed a catoblepas
 11606 | D:12     | Noticed Frances
 11787 | D:12     | Killed Frances
 11787 | D:12     | Reached skill level 17 in Unarmed Combat
 11935 | D:12     | Reached XP level 13. HP: 131/133 MP: 12/12
 12029 | D:12     | Killed a fire giant
 12364 | D:12     | Received a gift from Trog
 12539 | D:13     | Noticed a green ugly thing
 12554 | D:13     | Killed a green ugly thing
 12586 | D:13     | Reached skill level 18 in Unarmed Combat
 12606 | D:13     | Noticed a centaur warrior
 12623 | D:13     | Killed a centaur warrior
 12871 | D:13     | Identified a scroll of acquirement
 13103 | Lair:2   | Noticed a four-headed hydra
 13108 | Lair:2   | Killed a nine-headed hydra
 13314 | Lair:2   | Noticed Goodini51's ghost (powerful TrMo)
 13328 | Lair:2   | Killed Goodini51's ghost
 13566 | Lair:2   | Upgraded the game from 0.17-a0-1007-gb2305a1 to 0.17-a0-1020-ge683cc4
 14268 | Lair:3   | Reached skill level 19 in Unarmed Combat
 14681 | Lair:3   | Found a staircase to the Shoals.
 14892 | Lair:3   | Found a staircase to the Snake Pit.
 15828 | Lair:4   | Received a gift from Trog
 16293 | Lair:4   | Reached XP level 14. HP: 143/143 MP: 13/13
 17068 | Lair:5   | Reached skill level 20 in Unarmed Combat
 17870 | Lair:6   | Reached skill level 5 in Throwing
 17871 | Lair:6   | Received a gift from Trog
 18030 | Lair:6   | Found a frozen archway.
 18044 | Lair:6   | HP: 6/143 [ice dragon (12)]
 18140 | IceCv    | Entered an ice cave
 18534 | IceCv    | Got a slimy arbalest
 18741 | Lair:6   | Received a gift from Trog
 18783 | Lair:6   | Noticed Maud
 18793 | Lair:6   | Killed Maud
 19987 | Lair:7   | Reached XP level 15. HP: 46/152 MP: 14/14
 20393 | Lair:8   | Entered Level 8 of the Lair of Beasts
 20478 | Lair:8   | Found a viscous altar of Jiyva.
 20478 | Lair:8   | Found a staircase to the Slime Pits.
 20538 | Lair:8   | Received a gift from Trog
 20998 | Lair:8   | Received a gift from Trog
 21380 | Lair:8   | Received a gift from Trog
 22126 | Orc:1    | Entered Level 1 of the Orcish Mines
 22167 | Orc:1    | Noticed Nergalle
 22183 | Orc:1    | Killed Nergalle
 22252 | Orc:1    | Found a flagged portal.
 22294 | Bailey   | Entered a bailey
 22440 | Bailey   | Received a gift from Trog
 22680 | Bailey   | Received a gift from Trog
 23140 | Orc:1    | Received a gift from Trog
 23348 | Orc:1    | Received a gift from Trog
 23671 | Orc:2    | Noticed Kisielow's ghost (experienced MfTm)
 23748 | Orc:2    | Killed Kisielow's ghost
 24114 | Orc:2    | Noticed Maurice
 24225 | Orc:2    | Killed Maurice
 24433 | Orc:2    | Found a roughly hewn altar of Beogh.
 24705 | Orc:3    | Paralysed by an orc sorcerer for 6 turns
 24719 | Orc:3    | Received a gift from Trog
 24844 | Orc:3    | Found a staircase to the Elven Halls.
 25263 | Orc:3    | Found a radiant altar of Vehumet.
 25413 | Orc:4    | Entered Level 4 of the Orcish Mines
 25449 | Orc:4    | Reached XP level 16. HP: 45/171 MP: 15/15
 25762 | Orc:4    | Found Tewuirov's General Store.
 25879 | Orc:4    | Bought a scroll of remove curse for 36 gold pieces
 25879 | Orc:4    | Bought a meat ration for 60 gold pieces
 25879 | Orc:4    | Bought a scroll of silence for 90 gold pieces
 25947 | Orc:4    | Found Uvido's Antique Armour Emporium.
 25970 | Orc:4    | Found Fuoquez's Antique Weapon Boutique.
 25978 | Orc:4    | Received a gift from Trog
 26019 | Orc:4    | Bought an embroidered cloak for 126 gold pieces
 26125 | Orc:4    | Bought a scroll of enchant armour for 90 gold pieces
 26644 | Orc:4    | Found Xolish's Book Shoppe.
 26890 | Orc:4    | Reached skill level 21 in Unarmed Combat
 27631 | D:14     | Reached skill level 10 in Throwing
 27744 | D:14     | Received a gift from Trog
 27862 | D:14     | Noticed Goodini51's ghost (powerful MiBe)
 27874 | D:14     | Killed Goodini51's ghost
 28432 | D:14     | Found a gate to the Vaults.
 28533 | D:15     | Entered Level 15 of the Dungeon
 28547 | D:15     | Found a blossoming altar of Fedhas.
 28586 | D:15     | Received a gift from Trog
 28630 | D:15     | Found a staircase to the Depths.
 29675 | Snake:1  | Entered Level 1 of the Snake Pit
 29902 | Snake:1  | Noticed Asterion
 29914 | Snake:1  | Killed Asterion
 30325 | Snake:2  | Got a pitted morningstar
 30326 | Snake:2  | Identified the +1 morningstar of Victory {holy, rPois Int+2} (You found it on level 2 of the Snake Pit)
 30573 | Snake:1  | HP: 8/174 [poisoned by a naga ritualist]
 30858 | Snake:2  | Received a gift from Trog
 31053 | Snake:2  | Reached XP level 17. HP: 168/182 MP: 16/16
 31340 | Snake:3  | Noticed Vashnia
 31350 | Snake:3  | Reached skill level 15 in Fighting
 31441 | Snake:3  | HP: 5/184 [Vashnia/bolt (30)]
 31441 | Snake:3  | HP: 2/184 [Vashnia/bolt (3)]
 31442 | Snake:3  | Killed from afar by Vashnia

Vault maps used:
D:1:      saegor_arrival_simple_d
D:2:      minmay_bisected, uniq_crazy_yiuf_cottage
D:4:      serial_shops, shop, hangedman_jelly_panic
D:5:      first_bread, cheibrodos_ashenzari_chains, uniq_eustachio
D:6:      minmay_temple_entry_fiery, kennysheep_doodads
D:7:      serial_shops, shop
D:8:      nicolae_ossuary_entry_plus, uniq_grum, uniq_prince_ribbit1
D:9:      kennysheep_mini, grunt_ogre_cave
D:10:     minmay_lair_entry_grove, minmay_orc_entry_guard_dogs, uniq_snorg
D:11:     xom_confusion_cloud
D:12:     minmay_st_funbox, uniq_frances, uniq_harold
D:13:     hangedman_decor_push
D:14:     david_vaults_4, small_statue_intersection, serial_bayou_pond_d,
          wad_floor_pattern_2
D:15:     grunt_enter_depths_giant_problem, minmay_crystal_room, fedhas_altar_2
Lair:1:   basic_altar, lemuel_fruit_fields, infiniplex_staircase_pool_2,
          uniq_fannar
Lair:2:   columned_hall_lemuel
Lair:3:   elwin_shoals_entry_stream, dummy_snake_entry,
          minmay_stone_trees_medium, serial_bayou_shore_a
Lair:5:   wad_woods_01
Lair:6:   portal_ice_cave_entry_dragon, uniq_maud
Lair:8:   evilmike_catoblepas_cave, dpeg_slime_entry_enclosed_altar,
          special_room
Snake:1:  uniq_asterion
Snake:3:  uniq_mara, uniq_kirke, uniq_vashnia, uniq_aizul
Orc:1:    nicolae_orc_accident_1, enter_bailey_3, uniq_nergalle
Orc:2:    minmay_orc_temple_b, uniq_maurice
Orc:3:    basic_altar, nicolae_orc_pool_cavern
Orc:4:    grunt_orc_gardens, grunt_orc_garden, grunt_orc_garden,
          grunt_orc_garden, grunt_orc_garden, elf_legates
Ossuary:  ossuary_crypta
Bailey:   bailey_axe_4, bailey
IceCv:    ice_cave_tombish

Action                   |  1- 3 |  4- 6 |  7- 9 | 10-12 | 13-15 | 16-18 || total
-------------------------+-------+-------+-------+-------+-------+-------++-------
Melee: Unarmed           |    66 |   130 |   311 |   601 |  1404 |   474 ||  2986
 Fire: Blowgun           |       |       |    25 |       |    40 |     6 ||    71
Throw: Javelin           |       |       |     8 |     5 |       |       ||    13
       Tomahawk          |       |       |     3 |    64 |   214 |   130 ||   411
       Large rock        |       |       |       |       |    46 |    40 ||    86
Invok: Berserk           |     1 |     1 |     3 |     5 |     4 |     3 ||    17
       Burn Spellbooks   |       |       |     1 |     4 |     3 |     2 ||    10
       Trog's Hand       |       |       |       |     3 |    12 |     6 ||    21
 Abil: Evoke Flight      |       |       |       |       |     4 |       ||     4
Evoke: Wand              |       |       |       |    19 |    21 |       ||    40
  Use: Scroll            |       |     5 |    16 |    10 |    18 |     3 ||    52
       Potion            |       |       |       |       |     4 |     5 ||     9
 Stab: Petrified         |       |       |       |     2 |     4 |       ||     6
       Petrifying        |       |       |       |       |       |     1 ||     1
  Eat: Chunk             |    16 |    15 |    31 |    66 |   129 |    43 ||   300
       Fruit             |       |       |       |       |       |     2 ||     2
       Meat ration       |       |       |       |       |       |     1 ||     1
       Bread ration      |       |       |       |       |       |     1 ||     1
